 Dungeon Crawl Stone Soup version 0.27-a0-661-gca034ae587 (webtiles) character file.

Game seed: 13323201440308805265

9 Jerej03 the Magician (level 2, -4/15 HPs)
             Began as a Deep Elf Hedge Wizard on Mar 17, 2021.
             Slain by a gnoll
             ... wielding a +0 flail
              (7 damage)
             ... on level 2 of the Dungeon.
             The game lasted 00:02:11 (447 turns).

Jerej03 the Magician (Deep Elf Hedge Wizard)         Turns: 447, Time: 00:02:12

Health: -4/15      AC:  2    Str:  7    XL:     2   Next: 6%
Magic:  3/9        EV: 12    Int: 18    God:
Gold:   0          SH:  0    Dex: 14    Spells: 9/10 levels left

rFire    . . .     SeeInvis .   a - +0 dagger
rCold    . . .     Faith    .   (no shield)
rNeg     . . .     Spirit   .   b - +0 robe
rPois    .         Reflect  .   c - +0 hat
rElec    .         Harm     .   (no cloak)
rCorr    .         Rampage  .   (no gloves)
Will     .....                  (no boots)
Stlth    ++........             (no amulet)
HPRegen  0.05/turn              (no ring)
MPRegen  0.11/turn              (no ring)

@: no status effects
A: no striking features
a: no special abilities


You were on level 2 of the Dungeon.
You visited 1 branch of the dungeon, and saw 2 of its levels.

Inventory:

Hand Weapons
 a - a +0 dagger (weapon)
Armour
 b - a +0 robe (worn)
 c - a +0 hat (worn)
Scrolls
 e - a scroll of identify {unknown}
Potions
 d - a potion of attraction {unknown}


   Skills:
 + Level 2.6 Dodging
 + Level 2.5 Stealth
 + Level 4.9 Spellcasting
 + Level 1.2 Conjurations
 + Level 1.1 Summonings
 + Level 1.1 Translocations


You had 9 spell levels left.
You knew the following spells:

 Your Spells              Type           Power      Damage    Failure   Level
a - Magic Dart            Conj           32%        1d4       9%          1

Your spell library contained the following spells:

 Spells                   Type           Power      Damage    Failure   Level
 Blink                    Tloc           N/A        N/A       13%         2
 Call Imp                 Summ           8%         N/A       13%         2
 Slow                     Hex            4%         N/A       21%         2
 Conjure Flame            Conj/Fire      6%         6-21      30%         3
 Mephitic Cloud           Conj/Pois/Air  5%         N/A       34%         3


Dungeon Overview and Level Annotations

Branches:
Dungeon (1/15)

Altars:


Message History

Press: ? - help, Shift-Dir - straight line, f - rat
Aim: a rat (0% to evade)
The magic dart hits the rat.
You kill the rat!
Casting: Magic Dart (safe; 9% risk of failure)
Confirm with . or Enter, or press ? or * to list all spells.
Aiming: Magic Dart (safe; 9% risk of failure)
Press: ? - help, Shift-Dir - straight line, f - rat
Aim: a rat (0% to evade)
The magic dart hits the rat.
The rat is heavily wounded.
Casting: Magic Dart (safe; 9% risk of failure)
Confirm with . or Enter, or press ? or * to list all spells.
Aiming: Magic Dart (safe; 9% risk of failure)
Press: ? - help, Shift-Dir - straight line, f/p - rat
Aim: a rat (0% to evade)
The magic dart hits the rat.
You kill the rat!
Casting: Magic Dart (safe; 9% risk of failure)
Confirm with . or Enter, or press ? or * to list all spells.
Aiming: Magic Dart (safe; 9% risk of failure)
Press: ? - help, Shift-Dir - straight line, f - gnoll
Aim: a gnoll, wielding a +0 flail (0% to evade)
The magic dart hits the gnoll.
The gnoll is lightly wounded.
Casting: Magic Dart (safe; 9% risk of failure)
Confirm with . or Enter, or press ? or * to list all spells.
You don't know that spell.
Casting: Magic Dart (safe; 9% risk of failure)
Confirm with . or Enter, or press ? or * to list all spells.
Aiming: Magic Dart (safe; 9% risk of failure)
Press: ? - help, Shift-Dir - straight line, f/p - gnoll
Aim: a gnoll, wielding a +0 flail (0% to evade)
The magic dart hits the gnoll.
The gnoll is moderately wounded.
A dart slug comes into view.
You hit the dart slug.
The dart slug is moderately wounded.
The gnoll hits you with a +0 flail!
You die...

#..# #..# #.# #..#
#.# ...# #.# g###
#.# .# #.# .# #.#
## #w# # #@# #g#
#g# #.# #g# #g#
################.#
†.........g.gg...#
##################


You could see 4 gnolls and a dart slug.

Vanquished Creatures
  A dart slug (D:1)
  A goblin (D:1)
  3 kobolds (D:1)
  3 rats
8 creatures vanquished.

Notes
Turn   | Place    | Note
-------+----------+-------------------------------------------
     0 | D:1      | Jerej03 the Deep Elf Hedge Wizard began the quest for the
                  | Orb.
     0 | D:1      | Reached XP level 1. HP: 10/10 MP: 7/7
   353 | D:1      | Reached XP level 2. HP: 15/15 MP: 7/9
   395 | D:1      | You fall into a shaft and drop 1 floor!
   447 | D:2      | Slain by a gnoll

Illustrated notes

Levels and vault maps discovered:
D:1:      dpeg_arrival_round_b, layout_basic
D:2:      layout_basic, lemuel_doored_altar, minmay_hexomino_p4

Action                   || total
-------------------------++-------
Melee: Dagger            ||     1
 Cast: Magic Dart        ||    23
Dodge: Dodged            ||     2

Table legend: (Time is in decaauts)
 A = Elapsed time spent in this place.
 B = Non-inter-level travel time spent in this place.
 C = Inter-level travel time spent in this place.
 D = Time resting spent in this place.
 E = Time spent auto-exploring this place.
 F = Levels seen in this place.
 G = Mean time per level.
                   A        B        C        D        E       F      G
               +--------+--------+--------+--------+--------+-----+--------+
         Total |    446 |    446 |      0 |      0 |    371 |   2 |  223.0 |
       Dungeon |    446 |    446 |      0 |      0 |    371 |   2 |  223.0 |
               +--------+--------+--------+--------+--------+-----+--------+

Top non-repeatable levels by time:
     D:1: 395 daAuts
     D:2: 51 daAuts
